 Dungeon Crawl Stone Soup version 0.29.1-15-g9cfb28693d (webtiles) character file.

Game seed: 13256506955032364554

44419 croobank the Grand Scion (level 13, 0/88 HPs)
             Began as a Demonspawn Fire Elementalist on Mar 22, 2023.
             Was a High Priest of Hepliaklqana.
             Succumbed to Rupert's poison
             ... on level 4 of the Lair of Beasts.
             The game lasted 01:09:32 (25436 turns).

croobank the Grand Scion (DsFE)                    Turns: 25436, Time: 01:09:33

Health: 0/88       AC: 16    Str:  9    XL:     13   Next: 96%
Magic:  24/24      EV: 21    Int: 27    God:    Hepliaklqana [*****.]
Gold:   1153       SH: 11    Dex: 19    Spells: 13/27 levels left

rFire   + . .      SeeInvis .   D - +5 short sword "Orb Guardian's Death" {chaos, Fragile Dex+5 Stlth+}
rCold   . . .      Faith    .   T - +0 buckler
rNeg    . . .      Spirit   .   l - +1 robe {rF+}
rPois   .          Reflect  +   (helmet unavailable)
rElec   .          Harm     .   i - scarf {+Inv}
rCorr   .          Rampage  .   (no gloves)
Will    .....                   s - +0 pair of boots
Stlth   +++++.....              m - amulet of reflection
HPRegen 0.24/turn               d - ring of wizardry
MPRegen 0.19/turn               U - +6 ring of intelligence

@: mighty, agile, lethally poisoned (0 -> -35), sanguine armoured, invisible
A: reduced essence, horns 3, powered by pain 2, sanguine armour 3, demonic magic
1
a: Renounce Religion, Evoke Invisibility, Recall Ancestor, Ancestor Identity,
Transference, Idealise


You were on level 4 of the Lair of Beasts.
You worshipped Hepliaklqana.
Hepliaklqana was extremely pleased with you.
You visited 3 branches of the dungeon, and saw 18 of its levels.
You visited the Abyss 1 time.
You also visited: Ossuary and Volcano.

You collected 1153 gold pieces.

Inventory:

Hand Weapons
 g - a +1 dire flail of flaming
 w - the +10 battleaxe of Theory {venom, rC- Int+3}
   (You found it on level 3 of the Lair of Beasts)

   It poisons the flesh of those it strikes.
   Int:       It affects your intelligence (+3).
   rC:        It makes you vulnerable to cold.
 x - a +0 demon blade of flaming
 D - the +5 short sword "Orb Guardian's Death" (weapon) {chaos, Fragile Dex+5 Stlth+}
   (You took it off a kobold brigand on level 6 of the Dungeon)

   Each time it hits an enemy it has a different, random effect.
   Dex:       It affects your dexterity (+5).
   Fragile:   It will be destroyed if unequipped.
   Stlth:     It makes you more stealthy.
 V - a +1 great sword of freezing
 X - a +1 antimagic lajatang
Missiles
 B - 6 silver javelins
 N - 3 throwing nets
 P - 4 javelins
 Z - 8 curare-tipped darts
Armour
 i - a scarf of invisibility (worn)
 l - a +1 robe of fire resistance (worn)
 s - a +0 pair of boots (worn)
 S - +1 steam dragon scales
 T - a +0 buckler (worn)
Jewellery
 c - a +6 ring of strength
 d - a ring of wizardry (left hand)
 m - an amulet of reflection (around neck)
 o - a +4 ring of evasion
 r - a +4 ring of protection
 u - a ring of magical power
 y - a ring of flight
 G - a ring of fire
 H - an amulet of regeneration
 J - a ring of fire
 L - a +4 ring of protection
 U - a +6 ring of intelligence (right hand)
Wands
 q - a wand of iceblast (16)
 z - a wand of light (14)
 Q - a wand of mindburst (10)
 R - a wand of charming (1)
Scrolls
 a - 9 scrolls of identify
 e - 7 scrolls of teleportation
 p - 9 scrolls of vulnerability
 v - 3 scrolls of butterflies
 E - 2 scrolls of poison
 I - 6 scrolls of magic mapping
 K - a scroll of fear
 M - 3 scrolls of immolation
 O - 2 scrolls of amnesia
 Y - 2 scrolls of enchant armour
Potions
 b - 3 potions of haste
 f - 4 potions of mutation
 h - 9 potions of lignification
 j - 4 potions of ambrosia
 k - 2 potions of attraction
 n - 2 potions of curing
 t - 2 potions of heal wounds
 C - a potion of invisibility
 F - 2 potions of might
 W - 2 potions of flight


   Skills:
 + Level 7.6 Fighting
 + Level 5.9 Short Blades
 + Level 7.5 Dodging
 + Level 8.1 Stealth
 * Level 4.4 Shields
 + Level 7.6 Spellcasting
 + Level 8.0 Conjurations
 + Level 8.0 Fire Magic
 - Level 6.8 Ice Magic
 * Level 13.2 Invocations
 + Level 2.8 Evocations


You had 13 spell levels left.
You knew the following spells:

 Your Spells              Type           Power      Damage    Failure   Level
a - Foxfire               Conj/Fire      100%       2x1d9     1%          1
b - Scorch                Fire           100%       2d10      1%          2
c - Flame Wave            Conj/Fire      52%        2d13      1%          4
d - Dazzling Flash        Conj/Hex       64%        N/A       1%          3
e - Hailstorm             Conj/Ice       50%        3d11      1%          4

Your spell library contained the following spells:

 Spells                   Type           Power      Damage    Failure   Level
 Freeze                   Ice            100%       1d11      1%          1
 Ensorcelled Hibernation  Hex/Ice        56%        N/A       1%          2
 Conjure Flame            Conj/Fire      52%        6-21      1%          3
 Frozen Ramparts          Ice            94%        1d15      1%          3
 Inner Flame              Hex/Fire       31%        N/A       1%          3
 Necrotise                Necr           40%        1d6       2%          1
 Passwall                 Tmut/Erth      8%         N/A       4%          2
 Iskenderun's Mystic Bla  Conj/Tloc      32%        2d8       5%          4
 Spider Form              Tmut/Pois      10%        N/A       9%          3
 Vampiric Draining        Necr           10%        2d6       9%          3
 Freezing Cloud           Conj/Ice/Air   18%        6-21      11%         5
 Starburst                Conj/Fire      26%        6d8       16%         6
 Metabolic Englaciation   Hex/Ice        14%        N/A       19%         5
 Anguish                  Hex/Necr       5%         N/A       26%         4
 Animate Dead             Necr           10%        N/A       26%         4
 Agony                    Necr           10%        N/A       58%         5
 Borgnjor's Vile Clutch   Necr/Erth      5%         N/A       58%         5
 Silence                  Hex/Air        5%         N/A       58%         5
 Simulacrum               Ice/Necr       14%        N/A       69%         6
 Haunt                    Necr/Summ      5%         N/A       100%        7
 Borgnjor's Revivificati  Necr           5%         N/A       100%        8
 Infestation              Necr           5%         N/A       100%        8
 Necromutation            Tmut/Necr      5%         N/A       100%        8
 Death's Door             Necr           5%         N/A       100%        9
 Polar Vortex             Ice            23%        N/A       100%        9


Dungeon Overview and Level Annotations

Branches:
Dungeon (12/15)            Temple (1/1) D:4            Lair (5/5) D:9
 Shoals (0/4) Lair:3       Spider (0/4) Lair:2      Ossuary (visited)
Volcano (visited)
  Slime: Lair:4-5       Orc: D:9-12

Altars:
Ashenzari
Cheibriados
Dithmenos
Fedhas
Gozag
Hepliaklqana
Kikubaaqudgha
Makhleb
Nemelex Xobeh
Okawaru
Qazlal
Ru
Sif Muna
Trog
Uskayaw
Vehumet
Wu Jian
Xom
Yredelemnul

Shops:
D:11 (

Annotations:
D:3 1 runed translucent door, jtron's ghost, amateur GnWn
D:11 2 transporters
D:12 Kirke; ShinQuickMan's ghost, journeyman DESu
Lair:4 Rupert


Innate Abilities, Weirdness & Mutations

Your life essence is reduced to manifest your ancestor. (-10% HP)
You have a pair of large horns on your head.
You sometimes gain power by taking damage.
When seriously injured, your blood forms very thick armour. (AC +12)
Spells you cast may paralyse adjacent enemies.


Message History

The polar bear claws Njabulo.
You feel sick.
Rupert roars madly and goes into a rage!
Rupert goes berserk!
The polar bear bites Njabulo but does no damage.
The polar bear claws Njabulo but does no damage.
The polar bear completely misses Njabulo.
You fade into invisibility!
You feel sick.
Rupert hits Njabulo with a +1 battleaxe of venom!!!
Njabulo is destroyed!
Okay, then.
Saving game... please wait.
Level annotation: Rupert Welcome back, croobank the Demonspawn Fire Elementalist.
Hepliaklqana says: Your past becomes your present!
Press ? for a list of commands and other information.
Okay, then.
Njabulo is still trapped in memory!
Unknown command.
You feel sick.
You feel sick.
You feel sick.
You feel sick.
You feel sick.
You are no longer poisoned.
Rupert rages.
Rupert hits you with a +1 battleaxe of venom!!
* * * LOW HITPOINT WARNING * * *
You focus on the pain.
You feel agile all of a sudden.
You are lethally poisoned!
The polar bear growls angrily.
Casting: Foxfire (safe; 1% risk of failure)
Press: ? - help, Q - select action, (/) - cycle Dir - look around, f - activate
Okay, then.
Blink to where?
Press: ? - help, Dir - move target
As you read the scroll of blinking, it crumbles to dust.
You die...

##.@....##...#.##..##....
#P§....####.#.###..######
##.....#.#....##...#
#........#.##.....#
##.........###....##
#P........####.....#
##................##
##..........###..### ###
#........@### ##.### ##.#
##.........####..PP####...
#........................
#(.......................
##..............÷........
#.......................
#.......................
##.......................
#........................


There were no monsters in sight!

Vanquished Creatures
  A red draconian (Volcano)
  A boulder beetle (D:11)
  A catoblepas (Lair:2)
  A hydra (Lair:4)
  2 two-headed ogres
  Sonja (Lair:3)
  An orc knight (Volcano)
  A deep elf pyromancer (Volcano)
  An ugly thing (D:12)
  A cyclops (Volcano)
  2 salamanders (Volcano)
  4 elephants (Lair:3)
  4 gargoyles
  3 molten gargoyles (Volcano)
  7 cane toads
  4 black mambas
  A komodo dragon (Lair:1)
  An unseen horror (D:10)
  4 rime drakes
  2 unseen horror zombies (D:10)
  A polar bear (Lair:3)
  2 trolls
  8 blink frogs
  3 jumping spiders (Lair:2)
  A spriggan (D:10)
  2 wraiths
  A vampire (D:12)
  6 wyverns
  38 yaks
  3 fire bats (Lair:1)
  2 basilisks
  A vampire mosquito (D:10)
  4 steam dragons
  3 redbacks (Lair:2)
  Menkaure (D:4)
  An acid dragon (D:10)
  10 water moccasins
  A black bear (D:8)
  An orc warrior (D:9)
  A hornet zombie (Ossuary)
  2 ice beasts
  5 ogres
  3 wolves (D:9)
  8 centaurs
  A phantom (D:6)
  3 kobold brigands (D:6)
  A gnoll sergeant (D:9)
  A wyvern zombie (Ossuary)
  2 scorpions
  11 bullfrogs
  A necrophage (D:7)
  5 wights (D:8)
  13 killer bees
  2 electric eels (D:9)
  2 howler monkeys
  A battlemage (Volcano)
  2 jellies (D:5)
  13 centaur zombies
  A gnoll bouda (D:7)
  7 hounds
  3 bullfrog zombies (Ossuary)
  2 orc priests
  5 iguanas
  8 mummies (Ossuary)
  Ijyb (D:4)
  8 orc wizards
  A killer bee zombie (Ossuary)
  4 howler monkey zombies
  Robin (D:4)
  13 gnolls
  8 adders
  A shadow imp (D:5)
  3 white imps
  A dart slug (D:3)
  19 orcs
  4 endoplasms
  2 giant cockroaches
  17 goblins
  9 hobgoblins
  5 jackals
  2 quokkas (D:5)
  11 ball pythons
  8 bats
  5 frilled lizards
  20 kobolds
  5 rats
  A bush (D:5)
  A butterfly (Lair:2)
385 creatures vanquished.

Vanquished Creatures (collateral kills)
  Gastronok (Lair:1)
  A boulder beetle (Lair:3)
  A cyclops (Volcano)
  A salamander (Volcano)
  2 elephants (Lair:3)
  A torpor snail (Lair:3)
  A molten gargoyle (Volcano)
  A black mamba (Lair:1)
  A gargoyle (Volcano)
  2 cane toads
  3 komodo dragons (Lair:2)
  A troll (D:10)
  2 polar bears (Lair:4)
  A blink frog (Lair:3)
  5 yaks
  A vampire mosquito (D:10)
  2 basilisks
  4 water moccasins
  An acid dragon (D:10)
  2 centaurs
  4 bullfrogs
  2 gnoll sergeants
  2 killer bees (D:11)
  A hound (D:9)
  A mummy (Ossuary)
  4 gnolls
  An ufetubus (D:7)
  2 orcs (D:9)
  A foxfire (Lair:4)
52 creatures vanquished.

Vanquished Creatures (others)
  A sky beast (D:6)
  4 battlemagi
  9 ancestors
  669 foxfires
  6 fungi
  21 plants
  8 withered plants (Ossuary)
718 creatures vanquished.

Grand Total: 1155 creatures vanquished

Notes
Turn   | Place    | Note
-------+----------+-------------------------------------------
     0 | D:1      | croobank the Demonspawn Fire Elementalist began the quest
                  | for the Orb.
     0 | D:1      | Reached XP level 1. HP: 13/13 MP: 3/3
   528 | D:1      | Gained mutation: You have a pair of small horns on your
                  | head. [demonic ancestry]
   528 | D:1      | Reached XP level 2. HP: 8/19 MP: 0/5
   817 | D:1      | Found a faded altar of an unknown god.
   900 | D:1      | Learned a level 2 spell: Scorch
  1880 | D:2      | Gained mutation: When seriously injured, your blood forms
                  | armour. (AC +12) [demonic ancestry]
  1880 | D:2      | Reached XP level 3. HP: 24/24 MP: 2/6
  2890 | D:3      | Found a sacrificial altar of Ru.
  2968 | D:3      | Gained mutation: You have a pair of horns on your head.
                  | [demonic ancestry]
  2968 | D:3      | Reached XP level 4. HP: 30/30 MP: 4/7
  2973 | D:3      | Learned a level 4 spell: Flame Wave
  3577 | D:3      | Found a runed translucent door.
  3577 | D:3      | Noticed jtron's ghost (amateur GnWn)
  4193 | D:3      | Reached skill level 1 in Fighting
  4193 | D:3      | Gained mutation: Spells you cast may paralyse adjacent
                  | enemies. [demonic ancestry]
  4193 | D:3      | Reached XP level 5. HP: 37/37 MP: 0/9
  4454 | D:4      | Noticed Robin
  4457 | D:4      | Killed Robin
  4469 | D:5      | Entered Level 5 of the Dungeon
  4524 | D:5      | Noticed an ogre
  4635 | D:4      | Noticed an ogre
  4639 | D:4      | Killed an ogre
  4640 | D:4      | Gained mutation: When seriously injured, your blood forms
                  | thick armour. (AC +12) [demonic ancestry]
  4640 | D:4      | Reached XP level 6. HP: 43/43 MP: 2/10
  4894 | D:4      | Noticed Menkaure
  4902 | D:4      | Killed Menkaure
  5578 | D:4      | Found a staircase to the Ecumenical Temple.
  5588 | Temple   | Entered the Ecumenical Temple
  5595 | Temple   | Became a worshipper of Hepliaklqana the Forgotten
  5732 | D:4      | Noticed Ijyb
  5740 | D:4      | Killed Ijyb
  6186 | D:4      | Reached skill level 1 in Invocations
  6229 | D:5      | Gained mutation: You sometimes gain a little power by
                  | taking damage. [demonic ancestry]
  6229 | D:5      | Reached XP level 7. HP: 25/50 MP: 3/12
  6399 | D:5      | Reached skill level 2 in Invocations
  6843 | D:5      | Reached skill level 3 in Invocations
  6881 | D:5      | Found an ornate altar of the Wu Jian Council.
  7200 | D:5      | Gained mutation: You sometimes gain power by taking damage.
                  | [demonic ancestry]
  7200 | D:5      | Reached XP level 8. HP: 57/57 MP: 5/13
  7374 | D:5      | Identified the +5 scale mail of the Baker {+Blink}
  7457 | D:5      | Reached skill level 4 in Invocations
  7701 | D:5      | Found a snail-covered altar of Cheibriados.
  7947 | D:6      | Reached skill level 5 in Invocations
  8071 | D:6      | Found an ancient bone altar of Kikubaaqudgha.
  8086 | D:6      | Found a large runed translucent door.
  8086 | D:6      | Found a large runed translucent door.
  8086 | D:6      | Found a shimmering altar of Xom.
  8094 | D:6      | Identified the +5 short sword "Orb Guardian's Death"
                  | {chaos, Fragile Dex+5 Stlth+}
  8913 | D:6      | Reached * piety under Hepliaklqana
  9078 | D:6      | Reached skill level 6 in Invocations
  9078 | D:6      | Reached XP level 9. HP: 25/58 MP: 9/15
  9473 | D:6      | Reached skill level 1 in Short Blades
  9531 | D:6      | Learned a level 3 spell: Dazzling Flash
  9802 | D:7      | Found a sand-covered staircase.
  9817 | Ossuary  | Entered an ossuary
  9833 | Ossuary  | Reached skill level 5 in Fire Magic
 10363 | Ossuary  | Reached skill level 7 in Invocations
 10528 | Ossuary  | Reached skill level 5 in Stealth
 11310 | D:7      | Found a blossoming altar of Fedhas.
 11400 | D:7      | Reached skill level 5 in Spellcasting
 11400 | D:7      | Reached skill level 5 in Conjurations
 11907 | D:8      | Found a broken altar of Ashenzari.
 11924 | D:8      | Reached ** piety under Hepliaklqana
 12023 | D:8      | Reached skill level 8 in Invocations
 12041 | D:8      | Reached XP level 10. HP: 65/65 MP: 9/17
 12044 | D:8      | Reached skill level 5 in Dodging
 12373 | D:8      | Found a stormy altar of Qazlal.
 13107 | D:9      | Found a staircase to the Lair.
 13128 | D:9      | Reached skill level 5 in Fighting
 13231 | D:9      | Reached skill level 9 in Invocations
 13828 | D:9      | Noticed a two-headed ogre
 13842 | D:9      | Killed a two-headed ogre
 13940 | D:9      | Found a radiant altar of Vehumet.
 14206 | D:10     | Entered Level 10 of the Dungeon
 14389 | D:10     | Found an iron altar of Okawaru.
 14525 | D:10     | Gained mutation: You have a pair of large horns on your
                  | head. [demonic ancestry]
 14525 | D:10     | Reached XP level 11. HP: 72/72 MP: 14/19
 14573 | D:10     | Reached *** piety under Hepliaklqana
 14605 | D:10     | Reached skill level 10 in Invocations
 14926 | D:10     | Found a basalt altar of Yredelemnul.
 15371 | D:10     | Found an opulent altar of Gozag.
 15546 | D:10     | Identified the +2 helmet of the Caustic God {rC+ Will+ MP-9
                  | Slay+2}
 15640 | D:11     | Noticed a boulder beetle
 15658 | D:11     | Killed a boulder beetle
 16009 | D:11     | Noticed a two-headed ogre
 16019 | D:11     | Killed a two-headed ogre
 16020 | D:11     | Reached skill level 11 in Invocations
 16234 | D:11     | Found Yklamyad's Weapon Shoppe.
 16346 | D:11     | Found a transporter.
 16446 | D:11     | Found a transporter.
 16577 | D:11     | Identified a scroll of acquirement
 16577 | D:11     | Acquired the Vellum of the Miller
 16600 | D:11     | Found an ornate altar of the Wu Jian Council.
 17003 | D:12     | Reached **** piety under Hepliaklqana
 17118 | D:12     | Noticed a purple ugly thing
 17125 | D:12     | Killed a purple ugly thing
 17453 | D:12     | Noticed a minotaur
 17458 | D:12     | Noticed ShinQuickMan's ghost (journeyman DESu)
 17466 | D:12     | Noticed a red ugly thing
 17549 | D:12     | Noticed Kirke
 17651 | Lair:1   | Entered Level 1 of the Lair of Beasts
 17765 | Lair:1   | Gained mutation: When seriously injured, your blood forms
                  | very thick armour. (AC +12) [demonic ancestry]
 17765 | Lair:1   | Reached XP level 12. HP: 58/80 MP: 16/21
 17987 | Lair:1   | Reached skill level 5 in Short Blades
 17994 | Lair:1   | Found a dark tunnel.
 18014 | Volcano  | Entered a volcano
 18144 | Volcano  | Remembered your ancestor Njabulo as a battlemage
 18163 | Volcano  | Learned a level 4 spell: Hailstorm
 18174 | Volcano  | Reached skill level 1 in Ice Magic
 18527 | Volcano  | Noticed a red draconian
 18584 | Volcano  | Killed a red draconian
 18585 | Volcano  | Reached skill level 5 in Ice Magic
 18594 | Volcano  | Noticed an orb of fire
 18609 | Volcano  | Noticed an orb of fire
 19511 | Lair:1   | Noticed Gastronok
 19528 | Lair:1   | Killed Gastronok
 19529 | Lair:1   | Reached skill level 1 in Shields
 20363 | Lair:1   | Reached ***** piety under Hepliaklqana
 20716 | Lair:2   | Found a hole to the Spider Nest.
 20723 | Lair:2   | Reached skill level 12 in Invocations
 20727 | Lair:2   | Reached XP level 13. HP: 71/85 MP: 18/23
 21142 | Lair:2   | Reached skill level 1 in Evocations
 21603 | Lair:3   | Noticed Sonja
 21614 | Abyss:2  | Cast into level 2 of the Abyss (Sonja)
 21618 | Lair:3   | Escaped the Abyss
 22730 | Lair:3   | Found a staircase to the Shoals.
 22745 | Lair:3   | Identified the +10 battleaxe of Theory {venom, rC- Int+3}
 22957 | Lair:3   | Killed Sonja
 23570 | Lair:4   | Reached skill level 13 in Invocations
 25267 | Lair:5   | Entered Level 5 of the Lair of Beasts
 25282 | Lair:5   | Noticed Rupert
 25436 | Lair:4   | Succumbed to Rupert's poison

Illustrated notes

Levels and vault maps discovered:
D:1:      wander_arrival_estate, layout_loops_ring,
          nicolae_ecumenical_lake_church, minmay_stone_trees_medium
D:2:      layout_loops_ring, minmay_unequal
D:3:      kennysheep_big_flooded_room, layout_basic,
          nicolae_ru_sacrificial_ziggurat, gammafunk_ghost_grave,
          kennysheep_flooded_box
D:4:      layout_basic, minmay_temple_entry_nine_rooms,
          kennysheep_generic_room_3, uniq_menkaure, uniq_robin, uniq_ijyb
D:5:      layout_loops_ring, amcnicky_altar_gilded, lemuel_crystal_altar,
          kb_lookout_dungeons_type, roderic_roman_lattice
D:6:      due_chaos_kobolds, layout_loops_cross, kiku_gazebo_pond_becter,
          grunt_decor_resistance
D:7:      layout_rooms, old_standard_altar, enter_ossuary_5,
          hangedman_decor_diamond_cutter
D:8:      layout_rooms, nicolae_qazlal_eye_of_the_storm,
          nicolae_ashenzari_panopticon, serial_rivers,
          chequers_serial_rivers_room_a, chequers_serial_rivers_room_a,
          chequers_serial_rivers_large_a, chequers_serial_rivers_micro_a,
          st_stairs_2, kennysheep_generic_room_11
D:9:      layout_roguey, mainiacjoe_overflow_surrounded_room, erik_lair_island
D:10:     layout_long_grid, mainiacjoe_overflow_large_starburst,
          nicolae_yredelemnul_corpse_copse, lemuel_doored_altar, the_hattery
D:11:     gammafunk_worm_tunnel, layout_loops_ring, serial_shops, shop,
          nicolae_zen_rock_garden, minmay_misc_feat_ornament,
          pdpol_wu_jian_five_deadly_venoms
D:12:     layout_roguey, david_orc_2, maelrawn_ghost_gauntlet_escape,
          minmay_splitting_lines, uniq_kirke
Temple:   hellmonk_temple_micro_hex
Lair:1:   layout_cave_pods, nicolae_volcano_entry_batcave, grunt_megastairs_1,
          uniq_gastronok
Lair:2:   layout_concentric_octagons, nicolae_spider_entry_tight_spaces,
          st_stairs_7, lemuel_fruit_fields
Lair:3:   layout_cave_pods, minmay_shoals_entry_centaurs, serial_bayou_pond_c,
          serial_bayou_shore_b, grunt_megastairs_5, infiniplex_staircase_pool,
          lemuel_fruit_fields, uniq_sonja
Lair:4:   layout_big_grid, minivault_24, lemuel_fruit_fields
Lair:5:   cheibrodos_lair_end_hotspot, layout_layer_cave,
          dpeg_slime_entry_enclosed, uniq_rupert

Skill      XL: |  1  2  3  4  5  6  7  8  9 10 11 12 13 |
---------------+----------------------------------------+-----
Stealth        | 2 3 4 5 6 7 8 |  8.1
Dodging        | 2 3 4 5 6 7 |  7.5
Fire Magic     | 3 4 5 6 7 8 |  8.0
Conjurations   | 2 3 4 5 6 7 8 |  8.0
Fighting       | 1 2 3 4 5 6 7 |  7.6
Spellcasting   | 3 4 5 6 7 |  7.6
Invocations    | 1 3 6 8 9 11 12 13 | 13.2
Short Blades   | 2 3 4 5 |  5.9
Ice Magic      | 6 |  6.8
Shields        | 1 4 |  4.4
Evocations     | 2 |  2.8

Action                   |  1- 3 |  4- 6 |  7- 9 | 10-12 | 13-15 || total
-------------------------+-------+-------+-------+-------+-------++-------
Melee: Unarmed           |     7 |       |       |       |       ||     7
       Dagger            |    10 |    17 |   111 |       |       ||   138
       Headbutt          |     2 |     4 |    47 |    42 |    10 ||   105
       Punch             |       |       |     3 |       |       ||     3
       Short sword       |       |       |    58 |   176 |    50 ||   284
 Cast: Foxfire           |    62 |    40 |    58 |   139 |   106 ||   405
       Scorch            |    22 |    42 |   133 |   194 |    83 ||   474
       Flame Wave        |       |     1 |     2 |     8 |    10 ||    21
       Hailstorm         |       |       |       |     8 |       ||     8
       Dazzling Flash    |       |       |       |       |     2 ||     2
Invok: Recall Ancestor   |       |       |       |     1 |       ||     1
       Ancestor Life: Ba |       |       |       |     1 |       ||     1
       Idealise          |       |       |       |       |     1 ||     1
Evoke: Wand              |       |       |       |     3 |     3 ||     6
  Use: Potion            |       |     1 |     2 |    14 |     1 ||    18
       Scroll            |       |       |    17 |    13 |     1 ||    31
 Stab: Paralysed         |       |     2 |    15 |    36 |    14 ||    67
       Sleeping          |       |       |     4 |    10 |     3 ||    17
       Distracted        |       |       |     1 |     1 |     1 ||     3
       Invisible         |       |       |       |     1 |     1 ||     2
Armor: Robe              |     9 |     5 |    11 |     9 |    13 ||    47
       Skin              |       |     1 |       |       |       ||     1
       Steam dragon scal |       |       |       |    67 |       ||    67
Dodge: Dodged            |    33 |    38 |    76 |   212 |    53 ||   412
Block: Other             |       |     8 |    22 |    52 |       ||    82
       Reflection        |       |       |     1 |     2 |     1 ||     4
       Buckler           |       |       |       |     1 |    51 ||    52
